Map: Rainfall LE

Players

Dragonite - Winner!

  • Race: Protoss Protoss
  • League: Master
  • Spawn Location: 5:00

BuRny

  • Race: Protoss Protoss
  • League: Master
  • Spawn Location: 11:00

VOD

Have the link to the VOD?

Description

Time

  • Played on: June 24, 2026, 3:37 p.m.
  • Length: 6:22
Show
View Real Time Build Order
Export as new Build Order

Dragonite Protoss - Winner!

Build Orders: Phoenix Opening 

Get SALT Encoding   

  8  0:00  Probe  
  9  0:12  Probe  
  10  0:24  Probe  
  10  0:27  Pylon  
  11  0:37  Probe (Chrono Boost)  
  12  0:49  Probe (Chrono Boost)  
  13  0:54  Probe (Chrono Boost)  
  14  0:59  Gateway  
  14  1:03  Probe (Chrono Boost)  
  15  1:14  Probe (Chrono Boost), Assimilator  
  16  1:19  Probe (Chrono Boost)  
  17  1:29  Probe  
  18  1:38  Assimilator  
  18  1:41  Probe  
  19  1:47  Cybernetics Core  
  19  1:52  Pylon  
  19  1:53  Probe  
  20  2:06  Probe  
  21  2:18  Probe  
  22  2:23  Stalker (Chrono Boost)  
  22  2:25  Warp Gate  
  24  2:30  Probe  
  25  2:41  Sentry  
  25  2:42  Probe  
  25  2:43  Pylon  
  28  3:04  Nexus, Sentry  
  29  3:12  Phoenix  
  29  3:13  Robotics Facility  
  29  3:27  Shield Battery  
  29  3:28  Probe  
  29  3:30  Sentry  
  32  3:35  Shield Battery  
  31  3:48  Probe  
  31  3:52  Shield Battery  
  31  3:53  Pylon  
  31  3:58  Gateway  
  31  4:05  Immortal (Chrono Boost)  
  35  4:14  Sentry  
  35  4:16  Probe  
  38  4:17  Probe  
  39  4:34  Warp Prism (Chrono Boost)  
  39  4:35  Sentry  
  43  4:40  Probe x2  
  45  4:46  Sentry  
  45  4:52  Probe  
  48  4:57  Probe  
  49  5:00  Pylon  
  49  5:01  Observer (Chrono Boost)  
  49  5:04  Probe  
  51  5:09  Probe  
  52  5:16  Adept x2, Probe  
  58  5:21  Probe  
  58  5:25  Pylon  
  58  5:29  Probe  
  59  5:41  Stalker x2  
  59  5:42  Probe x2  
  65  5:55  Probe x2  
Show
View Real Time Build Order
Export as new Build Order

BuRny Protoss 

Build Orders: Phoenix Opening 

Get SALT Encoding   

  8  0:00  Probe (Chrono Boost)  
  9  0:12  Probe (Chrono Boost)  
  10  0:20  Probe (Chrono Boost)  
  11  0:26  Probe  
  12  0:33  Pylon  
  12  0:38  Probe  
  13  0:51  Probe  
  13  0:55  Gateway  
  14  1:03  Probe (Chrono Boost)  
  15  1:05  Assimilator  
  15  1:12  Probe (Chrono Boost)  
  15  1:14  Assimilator  
  15  1:17  Probe (Chrono Boost)  
  17  1:29  Probe  
  17  1:32  Gateway  
  18  1:41  Probe  
  18  1:44  Cybernetics Core  
  19  1:54  Probe  
  20  1:55  Pylon  
  20  2:06  Probe  
  21  2:18  Probe  
  21  2:20  Adept x2  
  26  2:23  Warp Gate  
  26  2:30  Probe  
  27  2:43  Pylon  
  27  2:50  Stalker  
  28  2:57  Probe  
  29  3:01  Stalker  
  31  3:10  Nexus  
  31  3:20  Sentry  
  31  3:22  Pylon  
  33  3:28  Stalker  
  33  3:31  Probe  
  36  3:37  Phoenix  
  36  3:45  Probe  
  33  3:50  Stalker  
  35  3:58  Probe  
  36  4:10  Probe (Chrono Boost)  
  37  4:20  Twilight Council  
  37  4:21  Probe (Chrono Boost)  
  39  4:24  Probe (Chrono Boost)  
  39  4:30  Probe (Chrono Boost)  
  41  4:32  Probe (Chrono Boost)  
  41  4:37  Pylon  
  43  4:40  Probe (Chrono Boost)  
  43  4:41  Probe (Chrono Boost)  
  43  4:45  Probe (Chrono Boost)  
  43  4:48  Probe  
  45  4:55  Probe  
  45  4:57  Forge  
  46  5:00  Probe  
  46  5:06  Nexus  
  47  5:07  Probe  
  47  5:09  Pylon  
  47  5:12  Probe  
  49  5:18  Sentry  
  49  5:19  Sentry  
  53  5:24  Probe x2  
  53  5:28  Gateway  
  55  5:29  Gateway  
  51  5:36  Probe, Zealot  
  51  5:37  Zealot  
  40  5:53  Zealot x2  
Tags
 
Add a new tag
Caveats
  • Supply blocks, unpowered buildings, or Contaminate may cause inaccurate times.
  • Supply counts are checked every 10 seconds.